 Dungeon Crawl Stone Soup version 0.30.1-11-g7821555f0a (webtiles) character file.

Game seed: 5021029305021687991

31 Jerry the Cudgeller (level 3, 35/35 HPs)
             Began as a Troll Gladiator on Dec 6, 2023.
             Was a Follower of Vehumet.
             Quit the game on level 2 of the Dungeon.
             The game lasted 00:02:11 (942 turns).

Jerry the Cudgeller (Troll Gladiator)                Turns: 942, Time: 00:02:11

Health: 35/35      AC:  4    Str: 22    XL:     3   Next: 7%
Magic:  2/2        EV: 10    Int:  6    God:    Vehumet [*.....]
Gold:   38         SH:  0    Dex: 11    Spells: 2/2 levels left

rFire   . . .        a - +0 flail
rCold   . . .        (no shield)
rNeg    . . .        b - +0 robe
rPois   .            c - +0 hat
rElec   .            (no cloak)
rCorr   .            (gloves unavailable)
SInv    .            (boots unavailable)
Will    .....        (no amulet)
Stlth   +            (no ring)
HPRegen 1.05/turn    (no ring)
MPRegen 0.08/turn

%: no passive effects
@: no status effects
A: large, unfitting armour, claws 3, regeneration 1, shaggy fur 1, tough skin 1
a: Renounce Religion


You were on level 2 of the Dungeon.
You worshipped Vehumet.
Vehumet was aware of your devotion.
You visited 1 branch of the dungeon, and saw 2 of its levels.

You collected 38 gold pieces.

Inventory:

Hand Weapons
 a - a +0 flail (weapon)
Missiles
 d - 3 throwing nets (quivered)
 e - a large rock
Armour
 b - a +0 robe (worn)
 c - a +0 hat (worn)
Scrolls
 f - 2 scrolls of vulnerability {unknown}
 h - 2 scrolls of teleportation {unknown}
Potions
 g - a potion of degeneration {unknown}


   Skills:
 + Level 2.0 Fighting
 + Level 3.0 Maces & Flails
 + Level 2.2 Throwing
 + Level 2.7 Dodging


You had 2 spell levels left.
You didn't know any spells.
Your spell library was empty.

Dungeon Overview and Level Annotations

Branches:
Dungeon (2/15)

Altars:
Vehumet

Shops:
D:1 (


Innate Abilities, Weirdness & Mutations

You are too large for most types of armour.
You have claws for hands.
Your natural rate of healing is unusually fast.
You are covered in fur. (AC +1)
You have tough skin. (AC +1)


Message History

You feel sick.
You feel sick.
You feel sick.
You are no longer poisoned.
You see here an adder corpse.
An endoplasm comes into view.
Found a runed leather armour.
The endoplasm quivers.
The endoplasm hits you.
You hit the endoplasm but do no damage. The endoplasm freezes you.
You are frozen.
You hit the endoplasm.
You kill the endoplasm!
No target in view!
No target in view!
You see here a +2 leather armour of poison resistance.
A rat comes into view.
The rat bites you.
A rat is nearby!
You closely miss the rat. The rat barely misses you.
You hit the rat.
The rat is moderately wounded.
The rat bites you but does no damage. The rat completely misses you.
You hit the rat.
You kill the rat!
No target in view!
Found a faded altar of an unknown god.
There is a faded altar of an unknown god here.
Found a stone staircase leading down.
Search for what [Enter for "."]? .
There is a faded altar of an unknown god here.
This altar belongs to (a) Sif Muna, (b) Vehumet or (c) Jiyva, but you can't tell which.
Press the corresponding letter to learn more about a god, or press enter to convert or escape to cancel.
Vehumet accepts your prayer! Vehumet welcomes you!
You can now gain magical power from killing.
Vehumet offers you knowledge of Kiss of Death.
Autopickup is now off.
Autopickup is now on.
Are you sure you want to abandon this character and quit the game? (Confirm with "yes".)

#.##.##..#
##.......## #..#
#........#
##.....## #.##
####.#####
##...## #.#
#...## ##+## #..
#.#..#########.#
###
#.#............#
#.#.♣♣♣.♣♣♣♣♣..##
#..[♣♣♣.♣♣♣♣♣...#
#....♣♣♣♣@.♣♣...#
#..♣♣♣♣.♣.♣.♣..##
#.♣♣♣♣♣♣..♣♣♣..#
##..♣.♣♣♣..♣♣..#
#...♣♣.♣♣♣.♣♣..#
#.♣♣..♣...♣♣♣..#
##.♣♣.♣♣♣♣♣♣...#
##..♣....♣.♣..#
##.....♣...#.#


There were no monsters in sight!

Vanquished Creatures
  An adder (D:2)
  A ball python (D:1)
  3 endoplasms
  A giant cockroach (D:1)
  2 goblins (D:1)
  3 hobgoblins (D:1)
  3 kobolds
  2 bats (D:1)
  4 rats
20 creatures vanquished.

Notes
Turn   | Place    | Note
-------+----------+-------------------------------------------
     0 | D:1      | Jerry the Troll Gladiator began the quest for the Orb.
     0 | D:1      | Reached XP level 1. HP: 19/19 MP: 0/0
   186 | D:1      | Found Orghuvoh's Antique Weapon Shoppe.
   381 | D:1      | Reached XP level 2. HP: 20/28 MP: 1/1
   732 | D:2      | Reached skill level 3 in Maces & Flails
   732 | D:2      | Reached XP level 3. HP: 30/35 MP: 2/2
   867 | D:2      | Found a faded altar of an unknown god.
   941 | D:2      | Prayed at the altar of an unknown god.
   941 | D:2      | Became a worshipper of Vehumet
   941 | D:2      | Reached * piety under Vehumet
   941 | D:2      | Offered knowledge of Kiss of Death by Vehumet.
   942 | D:2      | Quit the game

Illustrated notes

Levels and vault maps discovered:
D:1:      dpeg_arrival_rhombus, layout_loops_ring, serial_shops,
          nicolae_shop_crystal, minmay_tetromino_o4
D:2:      kennysheep_six_static_rooms, layout_loops_corners,
          chequers_ecumenical_altar_grove,
          nicolae_concentric_dashed_squares_mild

Skill      XL: |  1  2 |
---------------+-------+-----
Throwing       | 2 |  2.2
Fighting       | 2 |  2.0
Maces & Flails | 3 |  3.0
Dodging        | |  2.7

Action                     || total
---------------------------++-------
  Melee: Flail             ||    58
 Armour: Robe              ||    20
  Dodge: Dodged            ||    29
